 Dungeon Crawl Stone Soup version 0.29.1-15-g9cfb28693d (webtiles) character file.

Game seed: 3769909620136561360

213 HakonGodeson the Chopper (level 5, -4/47 HPs)
             Began as a Draconian Berserker on Mar 29, 2023.
             Was a Believer of Trog.
             Killed by nerve-wracking pain
             ... invoked by a shadow imp
              (14 damage)
             ... in a sewer.
             The game lasted 00:04:27 (931 turns).

HakonGodeson the Chopper (Draconian Berserker)       Turns: 931, Time: 00:04:33

Health: -4/47      AC:  5    Str: 22    XL:     5   Next: 59%
Magic:  5/5        EV: 12    Int: 13    God:    Trog [**....]
Gold:   45         SH:  0    Dex: 10    Spells: 4/4 levels left

rFire   . . .      SeeInvis .   a - +0 hand axe (drain)
rCold   . . .      Faith    .   (no shield)
rNeg    . . .      Spirit   .   (body armour unavailable)
rPois   .          Reflect  .   (helmet restricted)
rElec   .          Harm     .   (no cloak)
rCorr   .          Rampage  .   (no gloves)
Will    .....                   (no boots)
Stlth   ++........              (no amulet)
HPRegen 0.15/turn               d - +6 ring of intelligence
MPRegen 0.09/turn               (no ring)

@: on berserk cooldown, slowed, very slow
A: AC +5, unfitting armour, cold-blooded
a: Renounce Religion, Berserk, Trog's Hand


You were in a sewer.
You worshipped Trog.
Trog was pleased with you.
You visited 1 branch of the dungeon, and saw 3 of its levels.
You also visited: Sewer.

You collected 45 gold pieces.

Inventory:

Hand Weapons
 a - a +0 hand axe of draining (weapon)
Missiles
 g - 2 poisoned darts (quivered)
Jewellery
 d - a +6 ring of intelligence (left hand)
Scrolls
 b - a scroll of fear
 c - a scroll of poison
 e - a scroll of vulnerability
 f - a scroll of identify
Potions
 h - a potion of brilliance {unknown}
 i - a potion of mutation {unknown}


   Skills:
 * Level 4.3 Fighting
 * Level 4.5 Axes
 * Level 1.0 Throwing
 * Level 3.7 Dodging
 * Level 1.4 Stealth


You had 4 spell levels left.
You didn't know any spells.
Your spell library was empty.

Dungeon Overview and Level Annotations

Branches:
Dungeon (3/15)              Sewer (1/1)

Altars:
Sif Muna

Annotations:
Sewer Grinder


Innate Abilities, Weirdness & Mutations

Your plain brown scales are hard. (AC +5)
You cannot fit into any form of body armour.
You are cold-blooded and may be slowed by cold attacks.


Message History

You are more poisoned.
The shadow imp misses you.
Grinder blinks!
You feel sick.
There is an open gate here.
You feel a strong urge to attack something.
You are no longer berserk.
You are exhausted.
You feel yourself slow down.
You feel sick.
You closely miss Grinder.
Your tail-slap misses Grinder.
Grinder is severely wounded.
You barely miss the shadow imp.
You feel very sick.
The shadow imp hits you but does no damage.
Grinder barely misses you.
Unknown command.
You hit Grinder but do no damage.
Grinder is severely wounded.
You hit the kobold.
You kill the kobold!
Trog accepts your kill.
You hit the shadow imp.
You feel sick. The shadow imp barely misses you.
Grinder blinks!
The shadow imp closely misses you.
You barely miss the shadow imp.
The shadow imp is heavily wounded.
You feel sick. The shadow imp completely misses you.
The shadow imp closely misses you. Grinder gestures at you.
Pain shoots through your body!
* * * LOW HITPOINT WARNING * * *
The kobold shouts!
You hit the shadow imp.
Your tail-slap misses the shadow imp.
The shadow imp is severely wounded.
You feel sick. The shadow imp closely misses you.
You barely miss the shadow imp.
The shadow imp is severely wounded.
You feel sick.
You are no longer poisoned.
The shadow imp gestures at you. Pain shoots through your body!
You die...

##+++##
#########.....#########
##≈≈≈≈≈≈#..⌠.⌠..#≈~≈≈≈≈##
##!......).......'.......##
∩??(.....5@)._.⌠.'......([∩
##[......'.......'.......##
##≈~≈≈≈≈#.5.⌠...#≈≈~≈≈≈##
##########K..##########
#######)#########
≈≈≈≈~#.÷)#≈≈≈~≈≈#
..~~≈.....≈~≈.)≈#
....K#...#....).#
+#######≈#######'#


You could see Grinder, a shadow imp and a kobold.

Vanquished Creatures
  A phantom (Sewer)
  A kobold brigand (Sewer)
  2 adders
  An ufetubus (Sewer)
  A worm (D:2)
  An orc (D:3)
  2 ball pythons
  A bat zombie (Sewer)
  3 endoplasms (Sewer)
  3 giant cockroaches
  3 hobgoblins
  14 kobolds
  2 quokkas
  2 bats
  4 frilled lizards
  2 giant cockroach zombies (Sewer)
43 creatures vanquished.

Notes
Turn   | Place    | Note
-------+----------+-------------------------------------------
     0 | D:1      | HakonGodeson the Draconian Berserker began the quest for
                  | the Orb.
     0 | D:1      | Reached XP level 1. HP: 19/19 MP: 1/1
   155 | D:2      | Found a shimmering blue altar of Sif Muna.
   173 | D:2      | Reached XP level 2. HP: 26/26 MP: 2/2
   469 | D:3      | Reached XP level 3. HP: 25/33 MP: 3/3
   566 | D:3      | Found a glowing drain.
   579 | Sewer    | Entered a sewer
   607 | Sewer    | Reached ** piety under Trog
   686 | Sewer    | Reached skill level 1 in Stealth
   697 | Sewer    | Found an ancient bone altar of Kikubaaqudgha.
   697 | Sewer    | Noticed a kobold brigand
   710 | Sewer    | Noticed a phantom
   713 | Sewer    | Reached XP level 4. HP: 22/40 MP: 4/4
   713 | Sewer    | Killed a kobold brigand
   714 | Sewer    | Reached XP level 5. HP: 25/46 MP: 5/5
   755 | Sewer    | Killed a phantom
   756 | Sewer    | Reached skill level 1 in Throwing
   915 | Sewer    | Noticed Grinder
   931 | Sewer    | Killed from afar by a shadow imp

Illustrated notes

Levels and vault maps discovered:
D:1:      psy_arrival_heroes, layout_loops_ring, chequers_ecumenical_altar_lobes
D:2:      layout_rooms, basic_altar
D:3:      layout_loops_corners, cheibrodos_sewer_entry_sluice
Sewer:    kennysheep_sewer_church

Skill      XL: |  1  2  3  4  5 |
---------------+----------------+-----
Dodging        | 3 |  3.7
Stealth        | 1 |  1.4
Fighting       | 4 |  4.3
Axes           | 4 |  4.5
Throwing       | 1 |  1.0

Action                   |  1- 3 |  4- 6 || total
-------------------------+-------+-------++-------
Melee: Hand axe          |    74 |    42 ||   116
       Tailslap          |     9 |     4 ||    13
Throw: Dart              |       |     1 ||     1
Invok: Berserk           |     1 |     1 ||     2
       Trog's Hand       |       |     1 ||     1
  Use: Scroll            |     6 |       ||     6
       Potion            |       |     3 ||     3
Armor: Skin              |    33 |    26 ||    59
Dodge: Dodged            |    57 |    41 ||    98
